General information
- name: BNet
- type: Ladder team game (AT/RT)
- host: Battle.net
- saver: ThisTimeSerious
map: Monsoon
- players: 6
- length: 436:13
- speed: Fast
- version: 1.24 W3XP
- replay type: Public
» download(748 KB)
Players
team 1 (winner)
She.is.my.sin. (
pink | 31 APM | 2046 actions | 66:18)
3 Demon Hunter
2 Mana Burn
1 Evasion
» actions
| Assign group hotkey | 3 | |
| Basic commands | 384 | |
| Build / train | 98 | |
| Enter build submenu | 20 | |
| Enter hero's abilities submenu | 4 | |
| Give item / drop item | 1 | |
| Remove unit from queue | 3 | |
| Right click | 1055 | |
| Select / deselect | 284 | |
| Select group hotkey | 68 | |
| Use ability | 126 | |
2046 total
» units
» upgrades
| Strength of the Moon | 2 | |
| Vorpal Blades | 1 | |
| Nature's Blessing | 1 | |
| Moon Armor | 1 | |
| Strength of the Wild | 1 | |
| Reinforced Hides | 1 | |
7 total
» buildings
| Altar of Elders | 1 | |
| Moon Well | 3 | |
| Tree of Life | 9 | |
| Ancient of War | 2 | |
| Hunter's Hall | 4 | |
| Tree of Ages | 2 | |
| Tree of Eternity | 2 | |
23 total
» build order
00:09 Altar of Elders
00:22 Moon Well
18:40 Tree of Life
18:45 Tree of Life
21:16 Tree of Life
21:33 Ancient of War
21:59 Hunter's Hall
22:04 Tree of Life
23:01 Tree of Ages
23:01 Tree of Ages
23:38 Ancient of War
25:42 Tree of Life
25:48 Moon Well
25:50 Moon Well
29:22 Hunter's Hall
29:24 Hunter's Hall
29:25 Hunter's Hall
29:31 Tree of Life
30:22 Tree of Life
30:34 Tree of Life
31:04 Tree of Eternity
31:04 Tree of Eternity
32:12 Tree of Life
» items
| Dust of Appearance | 1 | |
| Boots of Speed | 1 | |
| Circlet of Nobility | 1 | |
| Staff of Teleportation | 1 | |
| Lesser Clarity Potion | 1 | |
| Healing Salve | 2 | |
7 total
ThisTimeSerious (
blue | 12 APM | 5380 actions | 436:13)
5 Death Knight
3 Death Coil
2 Unholy Aura
5 Lich
3 Frost Nova
2 Frost Armor
4 Pit Lord
2 Rain of Fire
2 Cleaving Attack
» actions
| Assign group hotkey | 220 | |
| Basic commands | 659 | |
| Build / train | 101 | |
| Enter build submenu | 24 | |
| Enter hero's abilities submenu | 14 | |
| Give item / drop item | 9 | |
| Remove unit from queue | 2 | |
| Right click | 2018 | |
| Select / deselect | 694 | |
| Select group hotkey | 1481 | |
| Use ability | 158 | |
5380 total
» units
| Acolyte | 5 | |
| Ghoul | 2 | |
| Crypt Fiend | 9 | |
| Frost Wyrm | 6 | |
| Meatwagon | 3 | |
| Obsidian Statue | 1 | |
| Gargoyle | 1 | |
27 total
» upgrades
| Creature Attack | 3 | |
| Creature Carapace | 3 | |
| Burrow | 1 | |
| Freezing Breath | 1 | |
| Ghoul Frenzy | 1 | |
| Web | 1 | |
| Unholy Strength | 3 | |
| Unholy Armor | 3 | |
| Exhume Corpses | 1 | |
| Disease Cloud | 1 | |
| Destroyer Form | 1 | |
| Stone Form | 1 | |
| Cannibalize | 1 | |
21 total
» buildings
| Graveyard | 1 | |
| Crypt | 2 | |
| Altar of Darkness | 1 | |
| Ziggurat | 10 | |
| Tomb of Relics | 1 | |
| Halls of the Dead | 3 | |
| Black Citadel | 1 | |
| Sacrificial Pit | 2 | |
| Boneyard | 3 | |
| Slaughterhouse | 3 | |
27 total
» build order
00:17 Graveyard
00:20 Crypt
00:24 Crypt
00:40 Altar of Darkness
00:44 Ziggurat
01:00 Ziggurat
01:15 Tomb of Relics
01:58 Ziggurat
02:12 Ziggurat
02:50 Halls of the Dead
02:50 Halls of the Dead
02:50 Halls of the Dead
03:29 Ziggurat
04:21 Ziggurat
04:32 Ziggurat
04:34 Ziggurat
05:00 Ziggurat
05:03 Ziggurat
05:12 Black Citadel
05:58 Sacrificial Pit
08:00 Boneyard
08:01 Boneyard
08:02 Boneyard
18:23 Slaughterhouse
18:25 Slaughterhouse
18:26 Slaughterhouse
27:05 Sacrificial Pit
» items
| Rod of Necromancy | 1 | |
| Boots of Speed | 1 | |
| Potion of Healing | 3 | |
| Scroll of Town Portal | 2 | |
| Potion of Lesser Invulnerability | 3 | |
| Scroll of Healing | 4 | |
| Scroll of Protection | 3 | |
| Dust of Appearance | 1 | |
| Orb of Corruption | 1 | |
19 total
Udrg.loWFps (
green | 98 APM | 6121 actions | 62:16)
4 Blademaster
2 Wind Walk
2 Critical Strike
4 Pit Lord
2 Rain of Fire
2 Cleaving Attack
» actions
| Assign group hotkey | 124 | |
| Basic commands | 775 | |
| Build / train | 94 | |
| ESC pressed | 1 | |
| Enter build submenu | 20 | |
| Enter hero's abilities submenu | 8 | |
| Give item / drop item | 3 | |
| Right click | 2262 | |
| Select / deselect | 965 | |
| Select group hotkey | 1707 | |
| Use ability | 162 | |
6121 total
» units
| Peon | 20 | |
| Demolisher | 7 | |
| Grunt | 2 | |
| Gnoll Brute | 5 | |
| Gnoll Warden | 5 | |
| Ogre Magi | 3 | |
| Mud Golem | 5 | |
47 total
» upgrades
» buildings
| Altar of Storms | 1 | |
| Orc Burrow | 10 | |
| Voodoo Lounge | 2 | |
| Stronghold | 2 | |
| War Mill | 1 | |
| Barracks | 2 | |
| Great Hall | 2 | |
20 total
» build order
00:08 Altar of Storms
00:16 Orc Burrow
00:37 Voodoo Lounge
06:44 Orc Burrow
07:38 Stronghold
10:16 War Mill
10:41 Voodoo Lounge
18:21 Barracks
18:22 Barracks
18:24 Orc Burrow
18:26 Orc Burrow
20:33 Orc Burrow
22:14 Orc Burrow
30:59 Orc Burrow
31:00 Orc Burrow
31:00 Orc Burrow
31:29 Orc Burrow
31:59 Great Hall
32:04 Great Hall
» items
| Lesser Clarity Potion | 13 | |
| Scroll of Speed | 2 | |
| Healing Salve | 11 | |
| Circlet of Nobility | 1 | |
| Potion of Healing | 2 | |
| Potion of Mana | 2 | |
31 total
team 2 (loser)
MoonWellRush (
yellow | 11 APM | 915 actions | 84:43)
2 Blood Mage
1 Flame Strike
1 Siphon Mana
» actions
| Assign group hotkey | 23 | |
| Basic commands | 15 | |
| Build / train | 33 | |
| ESC pressed | 2 | |
| Enter build submenu | 5 | |
| Enter hero's abilities submenu | 2 | |
| Give item / drop item | 1 | |
| Right click | 376 | |
| Select / deselect | 245 | |
| Select group hotkey | 166 | |
| Use ability | 47 | |
915 total
» units
» buildings
| Altar of Kings | 1 | |
| Farm | 2 | |
| Arcane Vault | 1 | |
| Lumber Mill | 1 | |
5 total
» build order
00:08 Altar of Kings
00:20 Farm
00:54 Farm
01:05 Arcane Vault
01:46 Lumber Mill
» items
| Mechanical Critter | 4 | |
| Scroll of Regeneration | 5 | |
| Lesser Clarity Potion | 1 | |
| Staff of Teleportation | 1 | |
| Dust of Appearance | 1 | |
12 total
Tower- (
orange | 13 APM | 1875 actions | 141:59)
» actions
| Build / train | 33 | |
| Enter build submenu | 38 | |
| Remove unit from queue | 3 | |
| Right click | 214 | |
| Select / deselect | 187 | |
| Use ability | 1400 | |
1875 total
» units
» buildings
| War Mill | 1 | |
| Orc Burrow | 3 | |
| Watch Tower | 109 | |
| Great Hall | 3 | |
116 total
» build order
00:05 War Mill
00:22 Orc Burrow
03:05 Watch Tower
03:06 Watch Tower
03:07 Watch Tower
03:07 Watch Tower
03:28 Watch Tower
03:29 Watch Tower
03:30 Watch Tower
03:31 Watch Tower
03:32 Watch Tower
03:43 Watch Tower
03:43 Watch Tower
03:43 Watch Tower
03:43 Watch Tower
03:44 Watch Tower
03:44 Watch Tower
03:44 Watch Tower
04:23 Watch Tower
05:14 Watch Tower
05:15 Watch Tower
05:15 Watch Tower
05:15 Watch Tower
05:15 Watch Tower
05:16 Watch Tower
05:16 Watch Tower
05:38 Watch Tower
05:39 Watch Tower
05:39 Watch Tower
05:40 Watch Tower
05:41 Watch Tower
05:41 Watch Tower
05:42 Watch Tower
05:43 Watch Tower
06:12 Watch Tower
06:23 Watch Tower
06:24 Watch Tower
06:29 Watch Tower
06:29 Watch Tower
06:30 Watch Tower
06:31 Watch Tower
06:42 Watch Tower
06:49 Watch Tower
06:50 Watch Tower
06:51 Watch Tower
07:04 Watch Tower
07:05 Watch Tower
07:05 Watch Tower
07:25 Watch Tower
07:25 Watch Tower
07:26 Watch Tower
07:27 Watch Tower
07:27 Watch Tower
08:05 Watch Tower
08:06 Watch Tower
08:07 Watch Tower
08:07 Watch Tower
08:21 Watch Tower
09:17 Watch Tower
09:17 Watch Tower
09:18 Watch Tower
09:18 Watch Tower
09:20 Watch Tower
09:20 Watch Tower
09:21 Watch Tower
09:22 Watch Tower
09:31 Watch Tower
09:32 Watch Tower
09:33 Watch Tower
09:34 Watch Tower
09:35 Watch Tower
09:36 Watch Tower
09:41 Watch Tower
09:57 Watch Tower
09:58 Watch Tower
09:59 Watch Tower
09:59 Watch Tower
10:13 Watch Tower
10:14 Watch Tower
10:15 Watch Tower
10:22 Orc Burrow
10:27 Watch Tower
10:28 Watch Tower
10:39 Watch Tower
10:42 Watch Tower
10:43 Watch Tower
10:44 Watch Tower
10:45 Watch Tower
10:57 Watch Tower
10:58 Watch Tower
10:59 Watch Tower
10:59 Watch Tower
11:00 Watch Tower
11:00 Watch Tower
11:18 Watch Tower
11:19 Watch Tower
11:20 Watch Tower
11:20 Watch Tower
11:28 Watch Tower
11:28 Watch Tower
11:29 Watch Tower
11:29 Watch Tower
11:30 Watch Tower
11:31 Watch Tower
11:32 Watch Tower
11:53 Great Hall
12:17 Watch Tower
14:06 Great Hall
15:18 Great Hall
15:21 Orc Burrow
Watchtower- (
red | 15 APM | 1110 actions | 75:19)
» actions
| Assign group hotkey | 11 | |
| Build / train | 26 | |
| ESC pressed | 5 | |
| Enter build submenu | 95 | |
| Right click | 408 | |
| Select / deselect | 272 | |
| Select group hotkey | 6 | |
| Use ability | 287 | |
1110 total
» units
» buildings
| War Mill | 1 | |
| Orc Burrow | 3 | |
| Watch Tower | 189 | |
| Great Hall | 2 | |
195 total
» build order
00:23 War Mill
00:45 Orc Burrow
01:41 Watch Tower
02:21 Watch Tower
02:22 Watch Tower
02:28 Watch Tower
02:29 Watch Tower
02:34 Watch Tower
02:34 Watch Tower
02:48 Watch Tower
02:49 Watch Tower
02:53 Watch Tower
02:53 Watch Tower
03:19 Watch Tower
03:20 Watch Tower
03:22 Watch Tower
03:23 Watch Tower
03:27 Watch Tower
03:27 Watch Tower
03:28 Watch Tower
03:28 Watch Tower
03:29 Watch Tower
03:29 Watch Tower
03:33 Watch Tower
03:36 Watch Tower
03:40 Watch Tower
03:59 Watch Tower
04:04 Watch Tower
04:09 Watch Tower
04:14 Watch Tower
04:15 Watch Tower
04:18 Watch Tower
04:22 Watch Tower
04:24 Watch Tower
04:36 Watch Tower
04:36 Watch Tower
04:37 Watch Tower
04:37 Watch Tower
04:37 Watch Tower
04:37 Watch Tower
04:38 Watch Tower
04:38 Watch Tower
04:38 Watch Tower
04:38 Watch Tower
04:39 Watch Tower
04:40 Watch Tower
04:46 Watch Tower
04:47 Watch Tower
04:48 Watch Tower
04:56 Watch Tower
04:56 Watch Tower
04:57 Watch Tower
05:02 Watch Tower
05:02 Watch Tower
05:02 Watch Tower
05:03 Watch Tower
05:04 Watch Tower
05:05 Watch Tower
05:06 Watch Tower
05:06 Watch Tower
05:07 Watch Tower
05:07 Watch Tower
05:08 Watch Tower
05:08 Watch Tower
05:33 Watch Tower
05:54 Watch Tower
05:55 Watch Tower
05:56 Watch Tower
05:57 Watch Tower
05:57 Watch Tower
06:04 Watch Tower
06:04 Watch Tower
06:05 Watch Tower
06:08 Watch Tower
06:12 Watch Tower
06:13 Watch Tower
06:14 Watch Tower
06:14 Watch Tower
06:16 Watch Tower
06:17 Watch Tower
06:17 Watch Tower
06:20 Watch Tower
06:33 Watch Tower
06:35 Watch Tower
06:35 Watch Tower
06:36 Watch Tower
06:37 Watch Tower
06:38 Watch Tower
06:53 Watch Tower
06:54 Watch Tower
06:55 Watch Tower
06:55 Watch Tower
06:56 Watch Tower
06:57 Watch Tower
06:58 Watch Tower
06:59 Watch Tower
07:00 Watch Tower
07:16 Watch Tower
07:17 Watch Tower
07:18 Watch Tower
07:19 Watch Tower
07:20 Watch Tower
07:21 Watch Tower
07:24 Watch Tower
07:25 Watch Tower
07:26 Watch Tower
07:30 Watch Tower
07:32 Watch Tower
07:34 Watch Tower
07:35 Watch Tower
07:35 Watch Tower
07:41 Watch Tower
07:41 Watch Tower
07:42 Watch Tower
07:42 Watch Tower
07:43 Watch Tower
07:48 Watch Tower
07:48 Watch Tower
07:49 Watch Tower
07:49 Watch Tower
07:55 Watch Tower
07:55 Watch Tower
07:55 Watch Tower
07:55 Watch Tower
08:00 Watch Tower
08:01 Watch Tower
08:05 Watch Tower
08:05 Watch Tower
08:06 Watch Tower
08:10 Watch Tower
08:22 Watch Tower
08:25 Watch Tower
08:28 Watch Tower
08:31 Watch Tower
08:35 Watch Tower
08:39 Watch Tower
08:42 Watch Tower
09:54 Watch Tower
09:55 Watch Tower
09:55 Watch Tower
09:56 Watch Tower
09:57 Watch Tower
09:57 Watch Tower
09:58 Watch Tower
09:58 Watch Tower
09:58 Watch Tower
09:59 Watch Tower
09:59 Watch Tower
10:00 Watch Tower
10:04 Watch Tower
10:05 Watch Tower
10:09 Watch Tower
10:09 Watch Tower
10:10 Watch Tower
10:13 Watch Tower
10:36 Watch Tower
10:37 Watch Tower
10:38 Watch Tower
10:39 Watch Tower
10:41 Watch Tower
10:42 Watch Tower
10:42 Watch Tower
10:46 Watch Tower
10:46 Watch Tower
10:46 Watch Tower
10:47 Watch Tower
10:54 Watch Tower
10:55 Watch Tower
10:56 Watch Tower
10:57 Watch Tower
10:57 Watch Tower
11:05 Watch Tower
11:12 Watch Tower
11:13 Watch Tower
11:14 Watch Tower
11:15 Watch Tower
11:19 Watch Tower
11:19 Watch Tower
11:20 Watch Tower
11:21 Watch Tower
11:21 Watch Tower
11:26 Watch Tower
11:29 Watch Tower
11:29 Watch Tower
11:39 Orc Burrow
12:36 Great Hall
12:45 Great Hall
12:51 Orc Burrow
Chat log
(00:02 / Allies) ThisTimeSerious: feedujte
(00:02 / Allies) ThisTimeSerious: me
(00:05 / Allies) ThisTimeSerious: samo dh bm
(00:10 / All) ThisTimeSerious: u loose
(00:26 / Allies) ThisTimeSerious: robe
(00:28 / Allies) ThisTimeSerious: slobodno
(00:29 / Allies) ThisTimeSerious: posalji
(00:29 / Allies) Udrg.loWFps: da ?
(00:30 / Allies) ThisTimeSerious: gold i wood
(00:31 / Allies) Udrg.loWFps: ^_^
(00:32 / Allies) ThisTimeSerious: nije problem
(00:46 / All) MoonWellRush: u guys r gunna get raped
(00:47 / All) MoonWellRush: lol
(00:49 / All) ThisTimeSerious: kk
(01:05 / Allies) ThisTimeSerious: postavicete expo
(01:19 / Allies) ThisTimeSerious: ne ovde
(01:21 / Allies) Udrg.loWFps: reci da ne idesh
(01:22 / Allies) Udrg.loWFps: gargole
(01:25 / Allies) ThisTimeSerious: ne idem ofc
(01:27 / Allies) Udrg.loWFps: n\c
(01:32 / Allies) ThisTimeSerious: aj placi sad
(01:33 / Allies) ThisTimeSerious: jos malo
(01:34 / Allies) Udrg.loWFps: ovi ne znaju gde je put za pravo
(01:34 / Allies) ThisTimeSerious: :D
(01:42 / Allies) ThisTimeSerious: feed
(01:49 / Allies) ThisTimeSerious: idem new school feed
(01:50 / Allies) ThisTimeSerious: veruj mi
(01:53 / Allies) ThisTimeSerious: prebijam ;)
(02:27 / Allies) ThisTimeSerious: :/
(02:31 / Allies) She.is.my.sin.: wtf
(02:35 / Allies) ThisTimeSerious: wtf
(02:36 / Allies) ThisTimeSerious: sta je ovo
(02:38 / Allies) ThisTimeSerious: LOL
(02:38 / Allies) She.is.my.sin.: hack
(02:44 / Allies) Udrg.loWFps: ne vidim kule
(02:45 / Allies) ThisTimeSerious: LOLOLOLOLO
(02:46 / Allies) ThisTimeSerious: LOOOOOOOOOOOOOOOOL
(02:47 / Allies) ThisTimeSerious: NI JA
(02:54 / Allies) She.is.my.sin.: HACK
(03:01 / All) MoonWellRush: DEAD DH
(03:03 / All) ThisTimeSerious: funny shit :D
(03:45 / Allies) ThisTimeSerious: ubijajte
(03:46 / Allies) ThisTimeSerious: workere
(04:05 / Allies) She.is.my.sin.: WTF mamu im hakersku
(04:09 / All) MoonWellRush: pro critter
(04:10 / All) ThisTimeSerious: haha imba :D
(04:36 / Allies) She.is.my.sin.: al ne traju dugo kule
(04:42 / Allies) ThisTimeSerious: ma ne seri
(05:11 / Allies) She.is.my.sin.: trebamo im na baze
(05:36 / Allies) ThisTimeSerious: aj neko skaut
(05:36 / Allies) ThisTimeSerious: plz
(05:58 / Allies) Udrg.loWFps: brate
(05:59 / Allies) Udrg.loWFps: pravi
(06:01 / Allies) Udrg.loWFps: pitlorda
(06:03 / Allies) Udrg.loWFps: samo eo
(06:04 / Allies) Udrg.loWFps: aoe
(07:01 / Allies) She.is.my.sin.: ja sam u kurcu
(07:03 / Allies) She.is.my.sin.: sada prave
(07:03 / Allies) ThisTimeSerious: XD
(07:05 / All) MoonWellRush: u cud of hit me
(07:07 / All) MoonWellRush: it wass a staff
(07:08 / All) MoonWellRush: rofl
(07:08 / Allies) She.is.my.sin.: REAL kule
(07:10 / Allies) Udrg.loWFps: aoe
(07:45 / Allies) She.is.my.sin.: WORKER
(07:51 / Allies) Udrg.loWFps: gde su wyrmovi
(08:32 / Allies) Udrg.loWFps: sve sam video
(08:35 / Allies) Udrg.loWFps: ali ovo nisam
(08:39 / Allies) She.is.my.sin.: isto jbt
(09:00 / Allies) She.is.my.sin.: idi s BM na bazu
(09:04 / Allies) ThisTimeSerious: realno
(09:22 / Allies) ThisTimeSerious: koji smaraci
(09:22 / Allies) ThisTimeSerious: tt
(09:24 / Allies) ThisTimeSerious: samo repair
(09:27 / Allies) She.is.my.sin.: e sutra ce biti ovog hacka
(09:31 / Allies) She.is.my.sin.: na sve strane
(09:34 / Allies) She.is.my.sin.: sutra svi orc
(09:35 / Allies) ThisTimeSerious: hahahahahahah
(09:44 / Allies) Udrg.loWFps: prave kule
(09:57 / Allies) She.is.my.sin.: BM OVAMO
(10:31 / Allies) She.is.my.sin.: PRAVE KULE
(10:39 / Allies) ThisTimeSerious: ok
(10:41 / Allies) She.is.my.sin.: momo TP
(11:45 / All) Watchtower-: :D
(11:50 / All) ThisTimeSerious: funny
(11:51 / All) Watchtower-: Wir haben gewonnen!
(11:51 / All) ThisTimeSerious: honestly
(11:54 / All) Watchtower-: :|
(11:59 / Allies) She.is.my.sin.: WORKER
(12:09 / Allies) She.is.my.sin.: i tp
(12:24 / Allies) She.is.my.sin.: e ovo je sada stvarno
(12:30 / Allies) ThisTimeSerious: smesno je :D
(12:39 / Allies) She.is.my.sin.: rec je tuzno
(12:42 / Allies) She.is.my.sin.: koliko neki
(13:05 / Allies) She.is.my.sin.: zgrada se pravi
(13:07 / Allies) She.is.my.sin.: e u kurac
(13:11 / Allies) ThisTimeSerious: hahahah
(13:32 / Allies) She.is.my.sin.: ovo cu odma poslati blizzardu
(13:39 / Allies) She.is.my.sin.: da srede na vrijeme
(13:57 / All) Udrg.loWFps: XD
(14:18 / All) ThisTimeSerious: i rly like u
(14:18 / All) ThisTimeSerious: ^^
(14:20 / Allies) Udrg.loWFps: u da im vidim izrazlica
(14:22 / All) ThisTimeSerious: really really
(14:44 / Allies) She.is.my.sin.: nego stacemo
(14:49 / Allies) She.is.my.sin.: s prividnim zgradama?
(14:52 / Allies) Udrg.loWFps: da dovrsimo
(14:59 / Allies) Udrg.loWFps: bacaj expo neki
(15:06 / Allies) ThisTimeSerious: feedujte
(15:07 / Allies) ThisTimeSerious: me
(15:08 / Allies) ThisTimeSerious: tt
(15:32 / All) ThisTimeSerious: XD
(15:32 / All) ThisTimeSerious: XD
(15:32 / All) ThisTimeSerious: XD
(15:33 / All) ThisTimeSerious: XD
(15:33 / All) ThisTimeSerious: XD
(15:33 / All) ThisTimeSerious: XD
(15:34 / All) ThisTimeSerious: XD
(15:34 / All) ThisTimeSerious: XD
(15:34 / All) MoonWellRush: xD
(16:01 / All) ThisTimeSerious: goldhack also ?
(16:05 / All) MoonWellRush: ofcourse
(16:11 / All) ThisTimeSerious: nice shit man :D
(16:14 / All) Udrg.loWFps: stfu moron
(16:20 / Allies) ThisTimeSerious: imaju
(16:22 / Allies) ThisTimeSerious: goldhack :D
(16:22 / All) MoonWellRush: u can leave now
(16:25 / All) MoonWellRush: ^.^
(16:26 / All) MoonWellRush: thnx
(16:27 / All) ThisTimeSerious: :/
(16:56 / Allies) ThisTimeSerious: ^^
(16:57 / All) ThisTimeSerious: ^^
(17:00 / Allies) She.is.my.sin.: WTF
(17:04 / Allies) Udrg.loWFps: peon je to samo
(17:09 / Allies) ThisTimeSerious: vrhunski :D
(17:17 / Allies) She.is.my.sin.: omg
(17:23 / All) MoonWellRush: ya u can leave
(17:24 / Allies) Udrg.loWFps: ja sam mislio da je do graficke
(17:25 / Allies) Udrg.loWFps: prvi put :)
(17:35 / Allies) She.is.my.sin.: ne mozemo ubiti
(17:43 / Allies) She.is.my.sin.: prividne zgrade a ipak se racunaju
(17:48 / Allies) ThisTimeSerious: cek da probam
(17:48 / Allies) ThisTimeSerious: ;D
(17:49 / Allies) ThisTimeSerious: nesto
(17:51 / All) MoonWellRush: hahaha
(17:56 / Allies) ThisTimeSerious: hmm
(17:57 / All) MoonWellRush: ROOOFL
(18:00 / Allies) ThisTimeSerious: razmisljam
(18:04 / Allies) Udrg.loWFps: dal moze
(18:07 / Allies) Udrg.loWFps: katapult
(18:08 / All) MoonWellRush: gg?
(18:10 / Allies) Udrg.loWFps: u prazno ?
(18:13 / Allies) She.is.my.sin.: moze
(18:14 / Allies) She.is.my.sin.: udri
(18:14 / Allies) ThisTimeSerious: sad cu da vidim
(18:18 / Allies) ThisTimeSerious: vidi ga ovaj
(18:20 / Allies) ThisTimeSerious: "moze udri"
(18:21 / Allies) ThisTimeSerious: hahah
(18:57 / Allies) She.is.my.sin.: ostavit cu do jutra komp upaljen
(18:58 / Allies) ThisTimeSerious: kako im to uspeva
(18:59 / Allies) ThisTimeSerious: hmm
(19:04 / Allies) She.is.my.sin.: pa da vidim ko ce
(19:06 / All) ThisTimeSerious: :D
(19:07 / Allies) Udrg.loWFps: xD
(19:09 / All) ThisTimeSerious: get a life
(19:10 / All) ThisTimeSerious: ^^
(19:13 / All) MoonWellRush: we do
(19:16 / All) ThisTimeSerious: u dont
(19:16 / All) ThisTimeSerious: :D
(19:19 / All) MoonWellRush: we do
(19:19 / All) Tower-: Yea we will go afk now
(19:24 / All) She.is.my.sin.: i will report this
(19:25 / All) MoonWellRush: we have lives in our computer
(19:26 / All) MoonWellRush: !!!!
(19:26 / All) She.is.my.sin.: gg
(19:28 / All) MoonWellRush: NO DONt
(19:29 / All) MoonWellRush: PLEASE
(19:32 / All) MoonWellRush: SHIT I LEAVE NOW
(19:38 / All) MoonWellRush: j/k ima go afk
(19:48 / All) ThisTimeSerious: kk
(19:49 / All) ThisTimeSerious: boring
(19:53 / Allies) She.is.my.sin.: prestala se praviti
(19:56 / Allies) She.is.my.sin.: i to je nesto
(19:59 / Allies) ThisTimeSerious: XD
(20:04 / Allies) Udrg.loWFps: dal je moguce
(20:07 / Allies) Udrg.loWFps: da u 3;15 ja ovo gledam
(20:10 / Allies) ThisTimeSerious: hahahahahah
(20:31 / Allies) She.is.my.sin.: ovaj hack nece dugo trajati
(20:38 / Allies) ThisTimeSerious: ma 100%
(20:40 / Allies) ThisTimeSerious: ovo je glupost :D
(20:45 / Allies) She.is.my.sin.: ne
(20:53 / Allies) She.is.my.sin.: vec cu odma poslije partije
(20:56 / Allies) She.is.my.sin.: blizzu mail
(21:05 / Allies) Udrg.loWFps: ala cesh da se usrecish stim
(21:10 / Allies) She.is.my.sin.: e jbt
(21:35 / Allies) She.is.my.sin.: momo
(21:38 / Allies) She.is.my.sin.: daj mi
(21:41 / Allies) She.is.my.sin.: 500/500
(21:47 / Allies) ThisTimeSerious: ?
(21:52 / Allies) She.is.my.sin.: ¸wood gold
(21:54 / Allies) ThisTimeSerious: dao sam ti
(22:18 / Allies) Udrg.loWFps: mora da ima caka
(22:22 / Allies) ThisTimeSerious: 100%
(22:23 / Allies) She.is.my.sin.: yep
(22:49 / Allies) ThisTimeSerious: idi t2 damire :D
(22:56 / Allies) She.is.my.sin.: radi cega'?
(23:01 / Allies) ThisTimeSerious: nemam pojma :D
(23:26 / Allies) Udrg.loWFps: ja stvarno nisam pametan
(23:33 / Allies) She.is.my.sin.: sve
(23:34 / Allies) ThisTimeSerious: PROVERICU
(23:35 / Allies) She.is.my.sin.: preleti
(23:52 / All) Watchtower-: Was war Holdposition?
(24:20 / Allies) She.is.my.sin.: jel do mene
(24:28 / Allies) She.is.my.sin.: il se bash osjecam kao kreten?
(24:29 / Allies) ThisTimeSerious: ;D
(24:36 / Allies) ThisTimeSerious: we all do :D
(24:37 / Allies) Udrg.loWFps: osecam se kao zaludjenik najgore klase
(24:47 / Allies) ThisTimeSerious: al ja bas
(24:48 / Allies) ThisTimeSerious: hocu
(24:50 / Allies) ThisTimeSerious: da ih dobijem
(24:50 / Allies) ThisTimeSerious: :D
(24:54 / Allies) ThisTimeSerious: hahhhahahah
(24:56 / Allies) Udrg.loWFps: ja hocu da ih bijem
(24:58 / Allies) ThisTimeSerious: hahahahahahahah
(25:30 / Allies) ThisTimeSerious: jebeno vrhunski :D
(25:45 / Allies) Udrg.loWFps: jebali te oni
(25:49 / Allies) Udrg.loWFps: i kad sam pristao
(26:08 / Allies) She.is.my.sin.: mozda dispel?
(26:11 / Allies) ThisTimeSerious: evo
(26:12 / Allies) ThisTimeSerious: pravim
(26:13 / Allies) Udrg.loWFps: ^^
(26:16 / Allies) ThisTimeSerious: palo mi je na pamet
(26:18 / Allies) ThisTimeSerious: pre 5 minuta :D
(26:19 / Allies) She.is.my.sin.: pokusao s vispom
(26:20 / Allies) Udrg.loWFps: mozda on :)
(26:21 / Allies) Udrg.loWFps: moze ^_^
(26:34 / Allies) ThisTimeSerious: ?!
(26:44 / Allies) ThisTimeSerious: sta bre moze
(26:44 / Allies) Udrg.loWFps: mozda shade moze da udje u stronghold
(26:51 / Allies) ThisTimeSerious: jeste
(26:53 / Allies) ThisTimeSerious: i da posisa karu
(26:55 / Allies) ThisTimeSerious: lichu
(26:56 / Allies) Udrg.loWFps: da se zavuce nekako :)
(26:57 / Allies) Udrg.loWFps: ahahaha
(27:02 / All) Watchtower-: :|
(27:05 / Allies) She.is.my.sin.: xD mislis bladeu?
(27:12 / All) She.is.my.sin.: what now?
(27:17 / All) Watchtower-: We wait till you leave.
(27:18 / All) MoonWellRush: back
(27:30 / All) Udrg.loWFps: if its worth it for 1 Win
(27:34 / All) MoonWellRush: IT IS
(27:35 / All) Udrg.loWFps: i'll never shutdown my pc
(27:39 / All) She.is.my.sin.: same
(27:41 / All) Udrg.loWFps: i have to study for exams
(27:44 / All) MoonWellRush: wow and we dont have lives
(27:45 / All) MoonWellRush: lolz
(27:46 / All) Udrg.loWFps: i'l never leave
(27:49 / All) ThisTimeSerious: ahahahah
(27:51 / All) ThisTimeSerious: ahahahahaha
(27:52 / All) ThisTimeSerious: :DDDDDDDDD
(27:53 / All) She.is.my.sin.: and my net never discs
(27:59 / All) MoonWellRush: same
(28:06 / All) ThisTimeSerious: gz 4 u
(28:07 / All) ThisTimeSerious: ^^
(28:16 / All) She.is.my.sin.: one daj ul wish to play wc3
(28:22 / All) She.is.my.sin.: i got other games :P
(28:31 / Allies) She.is.my.sin.: izasao bi
(28:32 / Allies) She.is.my.sin.: al necu
(28:35 / Allies) She.is.my.sin.: iz principa
(28:39 / Allies) Udrg.loWFps: e bash to
(28:39 / Allies) ThisTimeSerious: nema teorije ^A^A
(28:46 / Allies) Udrg.loWFps: nema trik
(28:49 / Allies) She.is.my.sin.: pun mi je kurac
(28:51 / Allies) ThisTimeSerious: stop ffs
(28:53 / Allies) She.is.my.sin.: ovih morona
(28:53 / Allies) ThisTimeSerious: stop creeping noob
(29:09 / Allies) Udrg.loWFps: sta da radim
(29:11 / Allies) Udrg.loWFps: da gledam u tebe
(29:12 / Allies) She.is.my.sin.: a mozda da okripamo citavu mapu?
(29:18 / Allies) Udrg.loWFps: mozda )
(29:19 / Allies) ThisTimeSerious: to radimo
(29:19 / Allies) ThisTimeSerious: )
(29:33 / Allies) Udrg.loWFps: taman sam popio ness
(29:35 / Allies) Udrg.loWFps: nema spavanja
(29:47 / Allies) ThisTimeSerious: gotova je mapa
(29:48 / Allies) She.is.my.sin.: izaci ce
(29:49 / Allies) ThisTimeSerious: izgleda
(29:50 / Allies) She.is.my.sin.: sutra ima
(29:52 / Allies) She.is.my.sin.: tour 2v2
(29:53 / Allies) She.is.my.sin.: xD
(29:55 / Allies) ThisTimeSerious: :D
(30:27 / Allies) Udrg.loWFps: ae nek neko alt tabuje
(30:30 / Allies) Udrg.loWFps: i vidi kakav je ovo hack
(30:34 / Allies) ThisTimeSerious: gde da vidim ? :D
(30:37 / Allies) She.is.my.sin.: xD
(30:39 / Allies) Udrg.loWFps: mora da ima negde
(30:40 / Allies) Udrg.loWFps: d3
(30:44 / Allies) She.is.my.sin.: www.skillhacks.com
(30:49 / Allies) She.is.my.sin.: ili je skillhack
(31:10 / Allies) Udrg.loWFps: ala sam poveo druzinu
(31:14 / Allies) Udrg.loWFps: na vetrenjacu
(31:17 / Allies) Udrg.loWFps: da gledaju
(31:19 / Allies) Udrg.loWFps: kako se okrece
(31:25 / Allies) She.is.my.sin.: vidim xD
(31:29 / Allies) She.is.my.sin.: momo
(31:32 / Allies) She.is.my.sin.: aj ti provjeri ovo
(31:58 / Allies) She.is.my.sin.: imam 54 pop
(32:02 / Allies) She.is.my.sin.: uglavnom wispovi
(32:04 / Allies) ThisTimeSerious: blago tebi
(32:05 / Allies) ThisTimeSerious: ;
(32:06 / All) ThisTimeSerious: D
(32:09 / All) ThisTimeSerious: )
(32:14 / Allies) Udrg.loWFps: hocu da poludim
(32:19 / Allies) ThisTimeSerious: kako jebeno dobar track
(32:24 / Allies) ThisTimeSerious: highko vs kulu - noise poison
(32:25 / Allies) ThisTimeSerious: :>
(32:31 / All) She.is.my.sin.: ma ajmo nas 3ija na msn
(32:35 / Allies) She.is.my.sin.: a oni nek drkaju
(32:41 / Allies) ThisTimeSerious: ja sam na facebooku
(32:43 / Allies) She.is.my.sin.: 10k
(32:44 / Allies) Udrg.loWFps: ovo treba staviti
(32:45 / Allies) ThisTimeSerious: sharujte me
(32:46 / Allies) She.is.my.sin.: xD
(32:47 / Allies) Udrg.loWFps: na replayesrs
(32:50 / Allies) ThisTimeSerious: ja hocu
(32:55 / Allies) ThisTimeSerious: 100% ^^
(32:56 / Allies) She.is.my.sin.: i ja cu
(33:35 / Allies) Udrg.loWFps: nece ni shade u buric
(33:42 / Allies) ThisTimeSerious: tt
(33:46 / Allies) She.is.my.sin.: zadnji put sam imao volko golda
(33:50 / Allies) She.is.my.sin.: u single playeru
(33:53 / Allies) She.is.my.sin.: s sifrom
(33:56 / Allies) ThisTimeSerious: xd
(34:01 / Allies) Udrg.loWFps: au kolko su me smorili
(34:08 / Allies) She.is.my.sin.: meni pricas
(34:15 / Allies) She.is.my.sin.: jebo ih bog i win
(34:23 / Allies) She.is.my.sin.: al ne dam
(34:27 / Allies) She.is.my.sin.: makar komp ne gasio
(34:29 / Allies) She.is.my.sin.: 3 godine
(34:30 / Allies) Udrg.loWFps: ^^
(34:46 / Allies) She.is.my.sin.: momo
(34:52 / Allies) ThisTimeSerious: e ?
(34:52 / Allies) She.is.my.sin.: napravi masu gulova
(34:55 / Allies) ThisTimeSerious: za sta ?
(34:57 / Allies) She.is.my.sin.: i seci svo drvo na mapi
(35:09 / Allies) ThisTimeSerious: pravo da ti kazem
(35:10 / Allies) ThisTimeSerious: mrzi me
(35:13 / Allies) ThisTimeSerious: :D
(35:15 / Allies) She.is.my.sin.: kate
(35:15 / Allies) ThisTimeSerious: napravi ti masu wispova
(35:20 / Allies) ThisTimeSerious: i seci
(35:22 / Allies) ThisTimeSerious: drvo
(35:22 / Allies) ThisTimeSerious: haha
(35:23 / Allies) Udrg.loWFps: ma mora
(35:26 / Allies) Udrg.loWFps: da ima trik
(35:28 / Allies) ThisTimeSerious: 100%
(35:49 / Allies) Udrg.loWFps: zamisli
(35:52 / Allies) Udrg.loWFps: negde na mapi
(35:55 / Allies) Udrg.loWFps: pravi burrow sakriven
(35:57 / Allies) ThisTimeSerious: :D
(36:00 / Allies) Udrg.loWFps: isamarao bi vas obojicu )))
(36:07 / Allies) ThisTimeSerious: pogledaj mapu
(36:08 / Allies) ThisTimeSerious: sad
(36:23 / Allies) ThisTimeSerious: vidis
(36:25 / Allies) ThisTimeSerious: da su mi
(36:25 / Allies) ThisTimeSerious: svuda
(36:28 / All) MoonWellRush: I LOVE AUSTRIA
(36:29 / Allies) ThisTimeSerious: jedinice
(36:33 / All) ThisTimeSerious: good
(36:33 / All) ThisTimeSerious: )
(36:47 / All) She.is.my.sin.: u love banned cd key?
(36:52 / Allies) ThisTimeSerious: a i ti
(36:53 / Allies) ThisTimeSerious: sa tim
(36:54 / Allies) ThisTimeSerious: ruskim
(36:55 / Allies) ThisTimeSerious: forama
(36:55 / Allies) ThisTimeSerious: lol
(36:56 / All) MoonWellRush: i have like 40 +
(37:00 / All) ThisTimeSerious: bendik
(37:00 / All) ThisTimeSerious: XD
(37:01 / All) MoonWellRush: so i dont mind
(37:07 / All) MoonWellRush: no bendik is a wannabe-me
(37:10 / All) Watchtower-: lol
(37:10 / All) ThisTimeSerious: oh
(37:11 / All) ThisTimeSerious: zoid ?
(37:15 / All) MoonWellRush: no
(37:17 / All) MoonWellRush: zoids gay
(37:19 / All) ThisTimeSerious: ah
(37:20 / All) ThisTimeSerious: so
(37:20 / All) ThisTimeSerious: ?
(37:22 / All) MoonWellRush: keep guessing
(37:23 / All) Watchtower-: He's not, Rufus.
(37:24 / All) MoonWellRush: its fun
(37:27 / Allies) She.is.my.sin.: samo nek pricaju
(37:28 / All) Watchtower-: :|
(37:29 / All) MoonWellRush: MARCUs
(37:30 / Allies) She.is.my.sin.: nek se odaju
(37:31 / All) MoonWellRush: WHY
(37:35 / All) MoonWellRush: LOL
(37:35 / Allies) She.is.my.sin.: da vidi blizzard
(37:38 / All) MoonWellRush: OR R U EZ
(37:41 / All) MoonWellRush: I CANT REMEMBER
(37:44 / All) MoonWellRush: WHO IS WHO
(37:48 / All) MoonWellRush: WITH UR GAY NAMES
(37:49 / All) MoonWellRush: LOL
(37:54 / All) ThisTimeSerious: dude
(37:57 / All) Watchtower-: Would be cool if you don't scream around our names too
(37:58 / All) ThisTimeSerious: im not the one u think i am'
(38:02 / All) Watchtower-: Just sayin'
(38:08 / All) MoonWellRush: k ur M
(38:10 / All) ThisTimeSerious: ur marcus ?
(38:10 / All) MoonWellRush: !!
(38:11 / All) ThisTimeSerious: :e
(38:13 / All) MoonWellRush: I AM
(38:17 / All) ThisTimeSerious: nice 2 meet u
(38:18 / All) ThisTimeSerious: ^^
(38:22 / All) MoonWellRush: hai
(38:24 / All) MoonWellRush: wats ur name?
(38:33 / All) ThisTimeSerious: Yael
(38:36 / All) MoonWellRush: imba
(38:42 / All) MoonWellRush: so you heard of rufus?
(38:44 / All) MoonWellRush: hes a noob
(38:49 / All) Tower-: Thats true
(38:52 / All) ThisTimeSerious: well im noob too
(38:52 / All) ThisTimeSerious: so
(38:54 / All) ThisTimeSerious: prolly i did
(38:55 / All) ThisTimeSerious: ^
(38:56 / All) ThisTimeSerious: ^
(39:12 / Allies) Udrg.loWFps: srce mi spava
(39:27 / Allies) She.is.my.sin.: jede ti se trava?
(39:31 / Allies) ThisTimeSerious: lol
(39:50 / Allies) ThisTimeSerious: a da mozda
(39:52 / Allies) ThisTimeSerious: ne gadjas
(39:53 / Allies) ThisTimeSerious: isto
(39:54 / Allies) ThisTimeSerious: drvece
(39:56 / Allies) ThisTimeSerious: ?
(39:56 / Allies) ThisTimeSerious: :D
(39:58 / Allies) Udrg.loWFps: znate staje cala ?
(39:58 / Allies) She.is.my.sin.: k boss
(40:01 / Allies) Udrg.loWFps: caka ?
(40:05 / Allies) ThisTimeSerious: ne znamo ocigledno
(40:06 / Allies) ThisTimeSerious: ^^
(40:11 / Allies) Udrg.loWFps: kao u filmu SAW ...da se medjusobno poubijamo :))
(40:18 / Allies) ThisTimeSerious: si gledo
(40:19 / Allies) She.is.my.sin.: xD
(40:20 / Allies) ThisTimeSerious: svih 6 ?
(40:22 / Allies) Udrg.loWFps: naravno :)
(40:33 / Allies) ThisTimeSerious: bice sedmi
(40:39 / Allies) Udrg.loWFps: film izuva
(40:42 / Allies) ThisTimeSerious: nadajmo se
(40:43 / Allies) ThisTimeSerious: ove godine :D
(40:44 / Allies) Udrg.loWFps: hello Amom
(40:45 / Allies) She.is.my.sin.: fkt je
(40:49 / Allies) Udrg.loWFps: i wanna play a game'
(40:51 / Allies) ThisTimeSerious: I WANNA PLAY A GAME
(41:00 / Allies) She.is.my.sin.: ¸e gledajte ovako
(41:05 / Allies) She.is.my.sin.: vi rusite drvece
(41:05 / Allies) Udrg.loWFps: u have my favourite device on ur neck
(41:11 / Allies) Udrg.loWFps: well u'll see where is the key
(41:17 / Allies) She.is.my.sin.: a ja odo vudu magiju da ubijem kokosku
(41:21 / Allies) ThisTimeSerious: the reason why are u here
(41:22 / Allies) ThisTimeSerious: is
(41:23 / Allies) She.is.my.sin.: da im disca net
(41:27 / Allies) Udrg.loWFps: da
(41:30 / Allies) ThisTimeSerious: ..
(41:38 / Allies) Udrg.loWFps: dzikso
(41:39 / Allies) ThisTimeSerious: jako lepo
(41:40 / Allies) Udrg.loWFps: amanda
(41:42 / Allies) ThisTimeSerious: ubijamo
(41:45 / Allies) Udrg.loWFps: ali drugi deo
(41:46 / Allies) ThisTimeSerious: drvece
(41:47 / Allies) ThisTimeSerious: po sumi
(41:48 / Allies) Udrg.loWFps: I WAS UR FINAL TEST
(41:51 / Allies) Udrg.loWFps: najezio sam se
(41:58 / Allies) ThisTimeSerious: 6 deo
(41:59 / Allies) ThisTimeSerious: je majka
(42:03 / Allies) ThisTimeSerious: nije toliko dobar
(42:05 / Allies) ThisTimeSerious: koliko me odusevio
(42:08 / Allies) ThisTimeSerious: na kraju
(42:13 / Allies) ThisTimeSerious: sto se spavao
(42:16 / Allies) ThisTimeSerious: spasao*
(42:17 / Allies) ThisTimeSerious: lol
(42:20 / Allies) She.is.my.sin.: nego jeste gledali ono kad su zakljucani u kocku?
(42:23 / Allies) ThisTimeSerious: jesam
(42:24 / Allies) ThisTimeSerious: oba dela
(42:29 / Allies) Udrg.loWFps: sta je to ?
(42:30 / Allies) She.is.my.sin.: do jaja je
(42:30 / Allies) ThisTimeSerious: Cube i Hypercube
(42:32 / Allies) Udrg.loWFps: koji je to film ?
(42:38 / Allies) ThisTimeSerious: kocka i kocka 2
(42:39 / Allies) ThisTimeSerious: :)
(42:41 / Allies) Udrg.loWFps: to treba videti
(42:42 / Allies) She.is.my.sin.: na fazon jigsawa
(42:46 / Allies) ThisTimeSerious: pa i nije brale
(42:50 / Allies) She.is.my.sin.: skoro
(42:51 / Allies) ThisTimeSerious: ovo je
(42:52 / Allies) ThisTimeSerious: psiho
(42:54 / Allies) ThisTimeSerious: film
(43:00 / Allies) ThisTimeSerious: makar 2 deo
(43:02 / Allies) ThisTimeSerious: 2 deo je lol
(43:06 / Allies) ThisTimeSerious: kao baja ulazi u sobu
(43:08 / Allies) ThisTimeSerious: skroz bela
(43:17 / Allies) ThisTimeSerious: ne razlikujes
(43:18 / Allies) ThisTimeSerious: plafon
(43:18 / Allies) ThisTimeSerious: pod
(43:20 / Allies) ThisTimeSerious: i zidove
(43:23 / Allies) ThisTimeSerious: ne znas kolika je soba
(43:24 / Allies) ThisTimeSerious: uopste
(43:27 / Allies) ThisTimeSerious: a sa druge strane
(43:29 / Allies) ThisTimeSerious: ulazi isto on
(43:32 / Allies) ThisTimeSerious: potpuno isti on
(43:33 / Allies) ThisTimeSerious: lol
(43:38 / Allies) ThisTimeSerious: i kao ubije ga
(43:42 / Allies) ThisTimeSerious: taj njegov klon
(43:44 / Allies) ThisTimeSerious: sta li je vec
(43:44 / Allies) ThisTimeSerious: rofl
(43:51 / Allies) ThisTimeSerious: a u sobi pre
(43:53 / Allies) Udrg.loWFps: ali ovo je stvar
(43:54 / Allies) ThisTimeSerious: ide baja
(43:55 / Allies) ThisTimeSerious: i nadje
(43:56 / Allies) ThisTimeSerious: sat
(43:57 / Allies) Udrg.loWFps: i wanna play a game
(43:59 / Allies) ThisTimeSerious: koji nosi na ruci
(43:59 / Allies) ThisTimeSerious: lol
(44:11 / Allies) Udrg.loWFps: a ona igracka njegova
(44:13 / Allies) Udrg.loWFps: ludacka
(44:20 / Allies) Udrg.loWFps: ltuka
(44:21 / Allies) Udrg.loWFps: lutka
(44:34 / Allies) ThisTimeSerious: ste gledali
(44:37 / Allies) ThisTimeSerious: drag me to hell
(44:38 / Allies) ThisTimeSerious: ?
(44:42 / Allies) She.is.my.sin.: ne
(44:42 / Allies) Udrg.loWFps: nope
(44:44 / Allies) ThisTimeSerious: loooooooooool
(44:52 / Allies) ThisTimeSerious: odvuci me u pakao
(44:54 / Allies) ThisTimeSerious: totalna
(44:56 / Allies) ThisTimeSerious: ludnica
(44:57 / Allies) ThisTimeSerious: nisam smeo
(45:00 / Allies) ThisTimeSerious: da udjem u sopstveni krevet
(45:05 / Allies) ThisTimeSerious: kad sam ga odgledao
(45:08 / Allies) Udrg.loWFps: to moramo nabaviti
(45:11 / Allies) Udrg.loWFps: i kocku i to
(45:13 / Allies) She.is.my.sin.: yep
(45:18 / Allies) ThisTimeSerious: drag me to hell
(45:20 / Allies) ThisTimeSerious: zapamti
(45:21 / Allies) ThisTimeSerious: nov je film
(45:22 / Allies) ThisTimeSerious: tipa
(45:25 / Allies) ThisTimeSerious: oktobar 2009
(45:25 / Allies) Udrg.loWFps: pitacu te
(45:27 / Allies) Udrg.loWFps: ako zab
(45:44 / Allies) She.is.my.sin.: e
(45:46 / Allies) She.is.my.sin.: alexa
(45:48 / Allies) Udrg.loWFps: da ?
(45:50 / Allies) ThisTimeSerious: rofl
(45:51 / Allies) She.is.my.sin.: imas ti fejs?
(45:51 / Allies) ThisTimeSerious: alexa
(45:52 / Allies) ThisTimeSerious: ahahahahh
(45:53 / Allies) Udrg.loWFps: ne
(46:12 / Allies) Udrg.loWFps: al mozesh me naci na
(46:15 / Allies) Udrg.loWFps: wwwSojic
(46:16 / Allies) Udrg.loWFps: :D
(46:18 / Allies) Udrg.loWFps: kad to kaze
(46:20 / Allies) She.is.my.sin.: xD
(46:32 / Allies) Udrg.loWFps: mozda
(46:35 / Allies) Udrg.loWFps: peon pliva negde
(46:39 / Allies) ThisTimeSerious: XDDDDDDDDDDDDDDDDDDDDDDD
(46:45 / Allies) Udrg.loWFps: ili
(46:46 / Allies) She.is.my.sin.: s ovim retardima
(46:46 / Allies) ThisTimeSerious: hahahahahaha
(46:50 / Allies) She.is.my.sin.: sve je moguce
(46:51 / Allies) Udrg.loWFps: pravi nam naprave
(46:56 / Allies) Udrg.loWFps: da nam stavi oko vrata
(47:01 / Allies) Udrg.loWFps: i kad mi se ugasi zika
(47:02 / Allies) She.is.my.sin.: herojima xD
(47:03 / Allies) Udrg.loWFps: i samo odjednom
(47:06 / Allies) Udrg.loWFps: lutak onaj
(47:09 / Allies) Udrg.loWFps: i kad krene da prica
(47:30 / Allies) Udrg.loWFps: koga bi zrtvovao od vas dvojice
(47:33 / Allies) Udrg.loWFps: kad bi morao :)
(47:34 / Allies) ThisTimeSerious: njega
(47:39 / Allies) She.is.my.sin.: znao sam
(47:40 / Allies) She.is.my.sin.: xD
(47:40 / Allies) ThisTimeSerious: hahahahahah
(47:43 / Allies) Udrg.loWFps: xP
(47:47 / Allies) ThisTimeSerious: brate
(47:49 / Allies) ThisTimeSerious: koja ti je
(47:50 / Allies) ThisTimeSerious: najjaca
(47:51 / Allies) ThisTimeSerious: igra
(47:51 / Allies) ThisTimeSerious: ?
(47:52 / Allies) Udrg.loWFps: koji smo paenici
(47:53 / Allies) She.is.my.sin.: e ubijajte kritere
(48:00 / Allies) ThisTimeSerious: ubio sam fazon
(48:01 / Allies) ThisTimeSerious: 30
(48:03 / Allies) ThisTimeSerious: critera
(48:12 / Allies) She.is.my.sin.: sve istrebite
(48:12 / Allies) Udrg.loWFps: kritere ?
(48:16 / Allies) ThisTimeSerious: ovce
(48:17 / Allies) ThisTimeSerious: i sl
(48:18 / Allies) She.is.my.sin.: iza nas
(48:24 / Allies) She.is.my.sin.: samo wasteland da ostane
(48:27 / Allies) Udrg.loWFps: na sta sam spao
(48:28 / Allies) She.is.my.sin.: mamu mu jebem
(48:31 / Allies) She.is.my.sin.: da mu jebem
(48:42 / Allies) She.is.my.sin.: di mi prodjemo
(48:44 / Allies) Udrg.loWFps: oni likovi zaklali hrcka
(48:45 / Allies) She.is.my.sin.: drva ne rastu
(49:29 / Allies) Udrg.loWFps: ae da izadjemo
(49:57 / Allies) She.is.my.sin.: meni bash fun
(49:59 / Allies) ThisTimeSerious: dobro je
(50:01 / Allies) She.is.my.sin.: lumberjack
(50:07 / Allies) ThisTimeSerious: na mainu
(50:10 / Allies) Udrg.loWFps: da
(50:14 / Allies) ThisTimeSerious: :D
(50:15 / Allies) She.is.my.sin.: -.-
(50:18 / Allies) ThisTimeSerious: hahahah
(50:25 / Allies) ThisTimeSerious: robe
(50:26 / Allies) ThisTimeSerious: ti cekas
(50:27 / Allies) ThisTimeSerious: reset
(50:28 / Allies) Udrg.loWFps: ala ce ovo
(50:30 / Allies) ThisTimeSerious: pa bm?
(50:33 / Allies) Udrg.loWFps: da se skida
(50:35 / Allies) Udrg.loWFps: na replayers
(50:37 / Allies) Udrg.loWFps: ja ti kazem
(50:53 / Allies) She.is.my.sin.: fkt cu da odem
(50:59 / Allies) Udrg.loWFps: nigde ovce da je pospem vatrom
(51:00 / Allies) She.is.my.sin.: na onaj kanal na azerothu
(51:05 / Allies) She.is.my.sin.: di je open tech support
(51:12 / Allies) She.is.my.sin.: uzivo da popricam
(51:14 / Allies) ThisTimeSerious: popusices
(51:15 / Allies) ThisTimeSerious: karu
(51:18 / Allies) ThisTimeSerious: mada
(51:19 / Allies) ThisTimeSerious: mozda i ne
(51:20 / Allies) ThisTimeSerious: tox je isao
(51:23 / Allies) ThisTimeSerious: kad su mu ukrali
(51:25 / Allies) ThisTimeSerious: weakundead
(51:28 / Allies) ThisTimeSerious: i izduvo :D
(51:41 / All) ThisTimeSerious: whats the range of meat wagon ?
(51:44 / Allies) She.is.my.sin.: za acc ove nisu odgoborni
(51:52 / Allies) ThisTimeSerious: pricao je
(51:54 / Allies) ThisTimeSerious: za neki recovery
(51:57 / Allies) ThisTimeSerious: s njima
(51:58 / Allies) ThisTimeSerious: ne znam ni ja
(52:04 / Allies) ThisTimeSerious: dal moze da promeni mail
(52:05 / Allies) ThisTimeSerious: tako nesto
(52:51 / Allies) Udrg.loWFps: meni srce zaspalo
(52:57 / Allies) She.is.my.sin.: ajd out
(53:03 / Allies) ThisTimeSerious: lol >
(53:05 / Allies) ThisTimeSerious: nema sanse
(53:07 / Allies) ThisTimeSerious: ne gasim komp
(53:08 / Allies) ThisTimeSerious: do jutra
(53:18 / Allies) Udrg.loWFps: ostani ti
(53:20 / Allies) She.is.my.sin.: da
(53:23 / Allies) She.is.my.sin.: a mi cemo
(53:24 / Allies) Udrg.loWFps: pa nam javi
(53:24 / Allies) She.is.my.sin.: 2v2 :p
(53:24 / Allies) ThisTimeSerious: fuck off nerds
(53:30 / Allies) Udrg.loWFps: kakvi 2v2
(53:35 / Allies) Udrg.loWFps: kad zagrlim jastuk
(53:39 / Allies) Udrg.loWFps: a imam da ucim
(53:40 / Allies) Udrg.loWFps: joooooooj
(53:49 / Allies) She.is.my.sin.: uci sada
(53:52 / Allies) ThisTimeSerious: mogu da zamislim
(54:00 / Allies) Udrg.loWFps: sad ne znam gde je levo
(54:08 / Allies) ThisTimeSerious: 66 hiljada golda
(54:09 / Allies) ThisTimeSerious: lol
(54:52 / Allies) Udrg.loWFps: ostajesh momo ?
(54:55 / Allies) ThisTimeSerious: ne ?
(55:08 / Allies) She.is.my.sin.: e koji je mail
(55:10 / Allies) Udrg.loWFps: izlazimo ?
(55:11 / Allies) She.is.my.sin.: za hackove?
(55:15 / Allies) ThisTimeSerious: otkud znam..
(55:37 / Allies) She.is.my.sin.: hacks@blizzard.com
(55:53 / Allies) Udrg.loWFps: ahaha
(55:55 / Allies) Udrg.loWFps: 70k golda
(56:23 / Allies) Udrg.loWFps: hoce neko da ostavi pc ?
(56:27 / Allies) ThisTimeSerious: ostavi ti
(56:29 / Allies) ThisTimeSerious: ti si failer
(56:30 / Allies) ThisTimeSerious: ionako
(56:30 / Allies) ThisTimeSerious: :D
(56:35 / Allies) She.is.my.sin.: da ionako
(56:36 / Allies) Udrg.loWFps: sine
(56:37 / Allies) She.is.my.sin.: ucis
(56:42 / Allies) Udrg.loWFps: dal ste loodi
(56:47 / Allies) Udrg.loWFps: da matori vidi upaljen
(56:53 / All) MoonWellRush: rofl
(56:53 / Allies) Udrg.loWFps: a imam laptop za skidanje
(56:55 / Allies) Udrg.loWFps: da sisti
(56:56 / All) MoonWellRush: pink 70k gold
(57:02 / All) ThisTimeSerious: nah
(57:05 / All) ThisTimeSerious: its illusion
(57:05 / All) ThisTimeSerious: ^%
(57:06 / All) ThisTimeSerious: %
(57:07 / All) ThisTimeSerious: ^
(57:07 / All) ThisTimeSerious: ^
(57:07 / All) ThisTimeSerious: %
(57:08 / All) ThisTimeSerious: ^^%
(57:08 / All) ThisTimeSerious: ^
(57:09 / All) ThisTimeSerious: ^$
(57:09 / All) ThisTimeSerious: ^$
(57:09 / All) ThisTimeSerious: %^
(57:10 / All) ThisTimeSerious: %^
(57:12 / All) ThisTimeSerious: %%^
(57:14 / All) ThisTimeSerious: %%^^%^$&&$$^^$
(57:15 / All) MoonWellRush: %
(57:16 / All) MoonWellRush: %
(57:16 / All) MoonWellRush: %
(57:16 / All) MoonWellRush: %
(57:17 / All) MoonWellRush: %
(57:17 / All) MoonWellRush: %
(57:19 / All) MoonWellRush: %
(57:19 / All) ThisTimeSerious: sup
(57:20 / All) MoonWellRush: %
(57:21 / All) She.is.my.sin.: tell me are those new accs?
(57:26 / Allies) ThisTimeSerious: naravno
(57:33 / All) MoonWellRush: ya
(57:41 / All) MoonWellRush: we reaally dont care for win
(57:48 / All) She.is.my.sin.: could u give us the win? need 20 to warden pic
(57:48 / All) MoonWellRush: curious how long it is before you lave
(57:49 / All) Udrg.loWFps: This hack cant be beaten ?
(57:51 / All) MoonWellRush: leave *
(57:57 / All) Watchtower-: It can't.
(58:03 / All) Udrg.loWFps: t\t
(58:09 / All) Udrg.loWFps: i really dont get it
(58:10 / All) MoonWellRush: You may as well leave.
(58:13 / All) MoonWellRush: =)
(59:33 / Allies) Udrg.loWFps: ae da se razilazimo
(59:37 / Allies) ThisTimeSerious: ja ne bih ^^
(59:39 / Allies) ThisTimeSerious: ja bi ostao
(59:40 / Allies) ThisTimeSerious: afk
(59:41 / Allies) ThisTimeSerious: keve mi
(59:47 / Allies) Udrg.loWFps: pa ostavi komp
(59:49 / Allies) Udrg.loWFps: ko im jebe
(59:51 / Allies) Udrg.loWFps: mater
(59:59 / Allies) Udrg.loWFps: dokle otprilike spavash ?
(60:23 / Allies) ThisTimeSerious: to toura
(60:24 / Allies) ThisTimeSerious: verovatno
(60:26 / Allies) ThisTimeSerious: damire
(60:27 / Allies) ThisTimeSerious: ocemo tour ?
(60:30 / Allies) She.is.my.sin.: 2v2
(60:32 / Allies) She.is.my.sin.: moze
(60:38 / Allies) ThisTimeSerious: imam te u vidu
(60:40 / Allies) Udrg.loWFps: ostavi
(60:41 / Allies) Udrg.loWFps: do 2
(60:49 / Allies) Udrg.loWFps: ce izaci pa da jebe rak raka
(60:52 / Allies) She.is.my.sin.: ja bi ostavio
(60:59 / Allies) She.is.my.sin.: al sam prekucao limit za net
(61:04 / Allies) She.is.my.sin.: doce mi racun i ovako
(61:06 / Allies) She.is.my.sin.: u kurac
(61:26 / Allies) Udrg.loWFps: hocesh da ostavis momo ?
(61:41 / Allies) ThisTimeSerious: ae
(61:46 / Allies) Udrg.loWFps: ae
(61:48 / Allies) Udrg.loWFps: odoh
(61:51 / Allies) She.is.my.sin.: aj
(61:53 / Allies) Udrg.loWFps: da im vidim profile prvo
(61:55 / Allies) Udrg.loWFps: pa da palim
(61:57 / Allies) She.is.my.sin.: gl i good night
(61:59 / Allies) Udrg.loWFps: ostavi
(62:00 / Allies) She.is.my.sin.: wispaj nam
(62:01 / Allies) Udrg.loWFps: takodje
(62:03 / Allies) Udrg.loWFps: gledamo se
(62:08 / All) Udrg.loWFps: Gn8 boys
(62:10 / Allies) Udrg.loWFps: ae javljam
(62:29 / Allies) ThisTimeSerious: rofl
(62:32 / Allies) ThisTimeSerious: unistio sam ti
(62:34 / Allies) ThisTimeSerious: slucajno
(62:35 / Allies) ThisTimeSerious: 3 tola
(62:36 / Allies) ThisTimeSerious: lol
(63:02 / Allies) ThisTimeSerious: idemo 2x 4-0
(63:04 / Allies) ThisTimeSerious: tj
(63:05 / Allies) ThisTimeSerious: 2x 2-0
(63:06 / Allies) ThisTimeSerious: :D
(63:50 / Allies) She.is.my.sin.: mislis na amom?
(63:53 / Allies) She.is.my.sin.: 4-0 ?
(63:56 / Allies) ThisTimeSerious: pa ne znam
(63:57 / Allies) ThisTimeSerious: svejedno
(64:08 / Allies) ThisTimeSerious: kako ti oces
(64:13 / Allies) ThisTimeSerious: ja imam just.amom
(64:13 / Allies) She.is.my.sin.: meni treba 3-0 na sin za 70% back
(64:16 / Allies) ThisTimeSerious: i amom
(64:24 / Allies) ThisTimeSerious: ja cu da igram na tvom
(64:26 / Allies) ThisTimeSerious: ti na moja 2
(64:31 / Allies) ThisTimeSerious: tebi cemo 4-0
(64:32 / Allies) ThisTimeSerious: onda
(64:40 / Allies) ThisTimeSerious: al ti ces morati uda ;)
(64:47 / Allies) She.is.my.sin.: pa ja cu biti na mom jbt
(64:50 / Allies) ThisTimeSerious: mora
(64:51 / Allies) She.is.my.sin.: jer sam host!
(64:53 / Allies) ThisTimeSerious: da invite
(64:56 / Allies) ThisTimeSerious: onaj koji menja
(64:56 / Allies) ThisTimeSerious: acc
(64:58 / Allies) ThisTimeSerious: ..
(65:01 / Allies) She.is.my.sin.: onda cemo tebi
(65:04 / Allies) ThisTimeSerious: ok :/
(65:05 / Allies) She.is.my.sin.: meni 2.0 dosta
(65:38 / Allies) ThisTimeSerious: al
(65:40 / Allies) ThisTimeSerious: ti uzmi
(65:41 / Allies) She.is.my.sin.: osecam se ko retard
(65:43 / Allies) ThisTimeSerious: amom
(65:45 / Allies) ThisTimeSerious: sutra
(65:46 / Allies) ThisTimeSerious: tj
(65:48 / Allies) ThisTimeSerious: sin i amom
(65:50 / Allies) ThisTimeSerious: po 2-0
(65:56 / Allies) ThisTimeSerious: ja cu igrati na just.amom
(66:01 / Allies) She.is.my.sin.: more
(66:12 / Allies) She.is.my.sin.: ajmo msn
(66:15 / Allies) ThisTimeSerious: ae
(66:15 / Allies) She.is.my.sin.: ja izlazim